 Dungeon Crawl Stone Soup version 0.30-a0-779-g7971cf19c3 (webtiles) character file.

Game seed: 9431930600816625335

267 Smoke131 the Sneak (level 6, -2/32 HPs)
             Began as a Vampire Enchanter on Feb 18, 2023.
             Slain by a goblin
             ... wielding a +0 dagger
             ... led by Robin
              (3 damage)
             ... on level 3 of the Dungeon.
             The game lasted 00:08:06 (2191 turns).

Smoke131 the Sneak (Vampire Enchanter)              Turns: 2191, Time: 00:08:07

Health: -2/32      AC:  2    Str:  7    XL:     6   Next: 0%
Magic:  9/10       EV: 13    Int: 18    God:
Gold:   137        SH:  0    Dex: 16    Spells: 6/11 levels left

rFire   . . .      SeeInvis +    a - +1 dagger
rCold   + + .      Faith    .    (no shield)
rNeg    + + +      Spirit   .    b - +0 robe
rPois   ∞          Reflect  .    (no helmet)
rElec   .          Harm     .    (no cloak)
rCorr   .          Rampage  .    (no gloves)
Will    .....                    (no boots)
Stlth   +++++                    (no amulet)
HPRegen 0.00/turn                (no ring)
MPRegen 0.12/turn                (no ring)

@: bloodless, inhibited regen
A: bloodless, fangs 3, see invisible, vampiric 2
a: Bat Form, Revivify


You were on level 3 of the Dungeon.
You visited 1 branch of the dungeon, and saw 3 of its levels.

You collected 151 gold pieces.
You spent 14 gold pieces at shops.

Inventory:

Hand Weapons
 a - a +1 dagger (weapon)
Missiles
 f - 8 poisoned darts (quivered)
 t - a boomerang
Armour
 b - a +0 robe (worn)
Wands
 j - a wand of flame (14)
 l - a wand of digging (1)
Scrolls
 e - a scroll of fear {unknown}
 g - 5 scrolls of identify {unknown}
 h - a scroll of teleportation {unknown}
 i - a scroll of silence {unknown}
 m - a scroll of enchant armour {unknown}
 p - a scroll of immolation {unknown}
 q - a scroll of fog {unknown}
 u - a scroll of blinking {unknown}
 v - a scroll of torment {unknown}
Potions
 c - 2 potions of invisibility
 d - 2 potions of curing {unknown}
 k - a potion of cancellation {unknown}
 n - a potion of flight {unknown}
 o - a potion of resistance {unknown}
 r - 2 potions of haste {unknown}
 s - a potion of heal wounds {unknown}


   Skills:
 - Level 2.0 Short Blades
 + Level 3.7 Dodging
 + Level 6.3 Stealth
 + Level 3.3 Spellcasting
 + Level 6.0 Hexes


You had 6 spell levels left.
You knew the following spells:

 Your Spells              Type           Power      Damage    Failure   Level
a - Ensorcelled Hibernat  Hex/Ice        26%        N/A       7%          2
b - Confusing Touch       Hex            24%        N/A       4%          3

Your spell library contained the following spells:

 Spells                   Type           Power      Damage    Failure   Level
 Tukima's Dance           Hex            24%        N/A       4%          3
 Dazzling Flash           Conj/Hex       26%        N/A       14%         3


Dungeon Overview and Level Annotations

Branches:
Dungeon (3/15)

Altars:
Kikubaaqudgha

Shops:
D:1 !

Annotations:
D:3 Robin


Innate Abilities, Weirdness & Mutations

You do not regenerate when monsters are visible.
You are frail without blood (-20% HP).
You can heal yourself when you bite living creatures.
You are immune to poison.
You have razor-sharp teeth.
You have supernaturally acute eyesight. (SInv)
You are afflicted with vampirism and can become a bat while bloodless.


Message History

Robin roars a battlecry!
The goblins go into a battle-frenzy!
The goblin misses you. The hobgoblin attacks as you move away!
The hobgoblin closely misses you.
You hit the hobgoblin.
The hobgoblin is lightly wounded.
The hobgoblin barely misses you.
You barely miss the hobgoblin.
The hobgoblin is lightly wounded.
The hobgoblin hits you!
Casting: Ensorcelled Hibernation (safe; 7% risk of failure)
Confirm with . or Enter, or press ? or * to list all spells.
Aiming: Ensorcelled Hibernation (safe; 7% risk of failure)
Press: ? - help, Shift-Dir - straight line, f - hobgoblin
Aim: a hobgoblin (lightly wounded, strong, chance to affect: 64%)
The hobgoblin looks drowsy...
Robin roars a battlecry!
The goblin goes into a battle-frenzy!
The hobgoblin shouts!
Robin throws the goblin at you! The goblin closely misses you.
You hit the goblin.
The goblin is severely wounded.
Robin throws the goblin at you!
The goblin hits you with a +2 dagger of freezing.
The goblin hits you with a +0 dagger. The goblin barely misses you.
The hobgoblin attacks as you move away! The hobgoblin barely misses you.
The goblin misses you. The goblin hits you with a +0 dagger.
* * * LOW HITPOINT WARNING * * *
Robin throws the goblin at you!
* * * LOW HITPOINT WARNING * * *
You hit the goblin but do no damage. Your bite misses the goblin.
The goblin misses you. The goblin barely misses you. x2
The hobgoblin misses you.
You hit the goblin.
You kill the goblin!
The goblin attacks as you move away! The goblin hits you with a +0 club.
* * * LOW HITPOINT WARNING * * *
The goblin hits you with a +0 dagger.
You die...

.#.##.#.#......).......###...###.
.#.##.#.#.#.#####..)..#...#..)...
.#....#.#.#.# #.#...###...###...#
.+####+.#.#.###.#..#...#g#...#..#
.. .....#.#.##...###...#g#...###.
########'...##.....#...#.#...#..)
............#####g..###...###...#
#.#..#.....###gg.#.....#.#.....#.
#.##......).g.gg@###...#.#...###.
#.###.#.#######.#...#..#.#..#)..#
#.# #.#.# #.#...###...###...# #.#
#.#g# ##.#...#.......#.).# #.#
#.#g## ##...###...###).)###. #.#
#....####.#)#.....#...#.....#
###.........#...###...###...#
#..######.#..#...#.#...#..#
#...####...###...#.#...###.


You could see Robin, a hobgoblin (strong) and 4 goblins.

Vanquished Creatures
  An orc priest (D:3)
  Jessica (D:2)
  Terence (D:3)
  An iguana (D:2)
  Natasha (thrice) (D:2)
  An adder (D:2)
  2 worms
  A dart slug (D:1)
  4 orcs (D:3)
  4 ball pythons
  2 bats (D:1)
  5 endoplasms
  2 giant cockroaches
  11 goblins
  7 hobgoblins
  2 jackals (D:2)
  A quokka (D:1)
  6 frilled lizards
  8 kobolds
  6 rats
69 creatures vanquished.

Vanquished Creatures (others)
  A fungus (D:3)
1 creature vanquished.

Grand Total: 70 creatures vanquished

Notes
Turn   | Place    | Note
-------+----------+-------------------------------------------
     0 | D:1      | Smoke131 the Vampire Enchanter began the quest for the Orb.
     0 | D:1      | Reached XP level 1. HP: 13/13 MP: 3/3
    92 | D:1      | Reached XP level 2. HP: 8/15 MP: 5/5
   392 | D:1      | Found Raeneumili's Distillery.
   400 | D:1      | Bought a potion of degeneration for 14 gold pieces
   664 | D:1      | Gained mutation: You are afflicted with vampirism and can
                  | become a bat while bloodless. [Vampire growth]
   664 | D:1      | Reached XP level 3. HP: 18/19 MP: 6/6
   667 | D:1      | Learned a level 2 spell: Ensorcelled Hibernation
   671 | D:1      | Learned a level 3 spell: Confusing Touch
   815 | D:2      | Reached skill level 5 in Stealth
   852 | D:2      | Found an ancient bone altar of Kikubaaqudgha.
   856 | D:2      | Noticed Jessica
  1030 | D:2      | Noticed Natasha
  1032 | D:2      | Killed Natasha
  1033 | D:2      | Reached skill level 5 in Hexes
  1033 | D:2      | Reached XP level 4. HP: 24/24 MP: 7/7
  1080 | D:2      | Killed Jessica
  1175 | D:2      | Noticed Natasha
  1180 | D:2      | Killed Natasha
  1237 | D:2      | Noticed Natasha
  1240 | D:2      | Reached XP level 5. HP: 28/28 MP: 6/9
  1248 | D:2      | Killed Natasha
  1607 | D:3      | Noticed Terence
  1615 | D:3      | Killed Terence
  1742 | D:3      | Noticed Robin
  2167 | D:3      | Reached XP level 6. HP: 32/32 MP: 10/10
  2191 | D:3      | HP: 1/32 [goblin/+0 club[Robin] (6)]
  2191 | D:3      | Slain by a goblin

Illustrated notes

Levels and vault maps discovered:
D:1:      roderic_dead_forest, layout_rooms, serial_shops, shop_fountains
D:2:      layout_rooms, basic_altar, uniq_jessica, uniq_natasha
D:3:      layout_loops_ring, minivault_11, nicolae_titane, uniq_terence,
          uniq_robin, uniq_crazy_yiuf_cottage

Skill      XL: |  1  2  3  4  5 |
---------------+----------------+-----
Stealth        | 5 6 |  6.3
Short Blades   | 2 |  2.0
Hexes          | 5 6 |  6.0
Dodging        | 3 |  3.7
Spellcasting   | 3 |  3.3

Action                     |  1- 3 |  4- 6 || total
---------------------------+-------+-------++-------
  Melee: Dagger            |    94 |    88 ||   182
         Bite              |     8 |    11 ||    19
         Punch             |     1 |     1 ||     2
   Cast: Ensorcelled Hiber |       |    13 ||    13
Ability: Exsanguinate      |     1 |       ||     1
   Stab: Sleeping          |    12 |    17 ||    29
 Armour: Robe              |     8 |     8 ||    16
  Dodge: Dodged            |    38 |    66 ||   104

Table legend: (Time is in decaauts)
 A = Elapsed time spent in this place.
 B = Non-inter-level travel time spent in this place.
 C = Inter-level travel time spent in this place.
 D = Time resting spent in this place.
 E = Time spent auto-exploring this place.
 F = Levels seen in this place.
 G = Mean time per level.
                   A        B        C        D        E       F      G
               +--------+--------+--------+--------+--------+-----+--------+
         Total |   2174 |   2174 |      0 |    301 |   1203 |   3 |  724.7 |
       Dungeon |   2174 |   2174 |      0 |    301 |   1203 |   3 |  724.7 |
               +--------+--------+--------+--------+--------+-----+--------+

Top non-repeatable levels by time:
     D:1: 745 daAuts
     D:3: 743 daAuts
     D:2: 685 daAuts
